 Dungeon Crawl Stone Soup version 0.30-a0-760-g5a9884bb7c (webtiles) character file.

Game seed: 16848772460269358066

144683 porpoise the Grand Scion (level 16, -8/119 HPs)
             Began as a Demonspawn Gladiator on Feb 9, 2023.
             Was a High Priest of Hepliaklqana.
             Mangled by a wolf spider (12 damage)
             ... led by a broodmother
             ... on level 2 of the Spider Nest on Feb 11, 2023.
             The game lasted 02:43:42 (29295 turns).

porpoise the Grand Scion (Demonspawn Gladiator)    Turns: 29295, Time: 02:43:43

Health: -8/119     AC: 22    Str: 22      XL:     16   Next: 85%
Magic:  0/36       EV: 18    Int: 13 (14) God:    Hepliaklqana [*****.]
Gold:   1029       SH:  6    Dex: 14      Spells: 15/15 levels left

rFire   + + .      SeeInvis .    a - +6 demon trident (venom)
rCold   . . .      Faith    .    M - +0 buckler
rNeg    + . .      Spirit   +    T - +5 fire dragon scales
rPois   +          Reflect  .    R - +1 hat of Gallantry {rElec rN+ MP+9}
rElec   +          Harm     .    (cloak unavailable)
rCorr   .          Rampage  .    c - +1 pair of gloves of Amorality {rPois}
Will    ++...                    A - +0 pair of boots
Stlth   ++                       k - amulet of guardian spirit
HPRegen 0.39/turn                v - ring of Jisur {Will+ EV+5 Str+3}
MPRegen 0.25/turn                q - ring of protection from cold

@: no status effects
A: reduced essence, demonic guardian 3, ignite blood 2, sharp scales 1, weakness
stinger 3
a: Renounce Religion, Recall Ancestor, Ancestor Identity, Transference, Idealise


You were on level 2 of the Spider Nest.
You worshipped Hepliaklqana.
Hepliaklqana was extremely pleased with you.
You visited 5 branches of the dungeon, and saw 25 of its levels.

You collected 2952 gold pieces.
You spent 1923 gold pieces at shops.

Inventory:

Hand Weapons
 a - a +6 demon trident of venom (weapon)
Missiles
 d - 5 throwing nets
 G - 5 boomerangs (quivered)
 U - 7 curare-tipped darts
Armour
 c - the +1 pair of gloves of Amorality (worn) {rPois}
   (You acquired it on level 1 of the Lair of Beasts)

   rPois:     It protects you from poison.
 A - a +0 pair of boots (worn)
 M - a +0 buckler (worn)
 R - the +1 hat of Gallantry (worn) {rElec rN+ MP+9}
   (You acquired it on level 10 of the Dungeon)

   rElec:     It insulates you from electricity.
   rN:        It protects you from negative energy.
   MP:        It affects your magic capacity (+9).
 T - +5 fire dragon scales (worn)
Jewellery
 b - a ring of protection from cold
 k - an amulet of guardian spirit (around neck)
 q - a ring of protection from cold (right hand)
 v - the ring of Jisur (left hand) {Will+ EV+5 Str+3}
   (You bought it in a shop on level 4 of the Dungeon)

   [ring of evasion]

   EV:        It affects your evasion (+5).
   Str:       It affects your strength (+3).
   Will:      It increases your willpower.
Wands
 y - a wand of charming (6)
 K - a wand of mindburst (34)
 O - a wand of polymorph (19)
 S - a wand of flame (37)
 Z - a wand of digging (9)
Scrolls
 e - a scroll of blinking
 h - 3 scrolls of fear
 i - 2 scrolls of poison
 l - 5 scrolls of teleportation
 m - 5 scrolls of vulnerability
 r - 2 scrolls of magic mapping
 C - 4 scrolls of fog
 E - 3 scrolls of identify
 L - a scroll of silence
Potions
 j - 3 potions of resistance
 n - a potion of invisibility
 p - 4 potions of cancellation
 t - 6 potions of heal wounds
 x - 3 potions of attraction
 F - 7 potions of curing
 J - a potion of magic
 P - 3 potions of haste
 Q - 2 potions of might
 X - a potion of berserk rage
 Y - 2 potions of lignification
Miscellaneous
 g - a lightning rod (3/4)
 s - a phial of floods
 w - a tin of tremorstones (1/2)


   Skills:
 - Level 14.0 Fighting
 - Level 13.6(14.0) Polearms
 - Level 4.5(10.0) Staves
 - Level 6.0 Throwing
 - Level 9.0 Armour
 - Level 9.0 Dodging
 + Level 8.8 Stealth
 - Level 9.0 Shields
 + Level 15.2 Invocations
 - Level 7.0 Evocations


You had 15 spell levels left.
You didn't know any spells.
Your spell library contained the following spells:

 Spells                   Type           Power      Damage    Failure   Level
 Magic Dart               Conj           0%         1d3       71%         1
 Sandblast                Erth           0%         2d4       71%         1
 Shock                    Conj/Air       0%         1d3       71%         1
 Cigotuvi's Dreadful Rot  Necr/Pois/Air  0%         N/A       83%         2
 Ensorcelled Hibernation  Hex/Ice        0%         N/A       83%         2
 Passwall                 Tmut/Erth      0%         N/A       83%         2
 Searing Ray              Conj           0%         2d4       83%         2
 Frozen Ramparts          Ice            0%         1d1       97%         3
 Spider Form              Tmut/Pois      0%         N/A       97%         3
 Stone Arrow              Conj/Erth      0%         3d7       97%         3
 Swiftness                Air            0%         N/A       97%         3
 Airstrike                Air            0%         2d(0-16)  100%        4
 Anguish                  Hex/Necr       0%         N/A       100%        4
 Animate Armour           Summ/Erth      0%         N/A       100%        4
 Dispel Undead            Necr           0%         3d6       100%        4
 Fulminant Prism          Conj/Hex       0%         3d5       100%        4
 Ice Form                 Ice/Tmut       0%         N/A       100%        4
 Summon Ice Beast         Ice/Summ       0%         N/A       100%        4
 Summon Lightning Spire   Summ/Air       0%         N/A       100%        4
 Alistair's Intoxication  Tmut/Pois      0%         N/A       100%        5
 Borgnjor's Vile Clutch   Necr/Erth      0%         N/A       100%        5
 Lightning Bolt           Conj/Air       0%         1d11      100%        5
 Summon Mana Viper        Hex/Summ       0%         N/A       100%        5
 Death Channel            Necr           0%         N/A       100%        6
 Eringya's Noxious Bog    Tmut/Pois      0%         N/A       100%        6
 Monstrous Menagerie      Summ           0%         N/A       100%        7
 Lehudib's Crystal Spear  Conj/Erth      0%         10d2      100%        8
 Chain Lightning          Conj/Air       0%         N/A       100%        9
 Fire Storm               Conj/Fire      0%         5d1       100%        9
 Shatter                  Erth           0%         3d5*      100%        9


Dungeon Overview and Level Annotations

Branches:
Dungeon (15/15)            Temple (1/1) D:7            Lair (5/5) D:8
 Shoals (0/4) Lair:2       Spider (2/4) Lair:2        Slime (0/5) Lair:4
    Orc (2/2) D:9             Elf (0/3) Orc:2        Vaults (0/5) D:14
 Depths (0/4) D:15

Altars:
Ashenzari
Cheibriados
Dithmenos
Fedhas
Gozag
Hepliaklqana
Kikubaaqudgha
Makhleb
Nemelex Xobeh
Okawaru
Qazlal
Ru
Sif Muna
Trog
Uskayaw
Vehumet
Wu Jian
Xom
Yredelemnul
Jiyva

Shops:
D:3 (   D:4 =[([*   D:7 *   D:9 ?   Orc:2 *[*!!

Annotations:
D:9 2 runed translucent doors, porpoise's ghost, journeyman HOMo
D:13 3 runed translucent doors, exclusion: battlemage, Gint's ghost, journeyman HOFi
D:14 1 runed translucent door, patfeehan111222's ghost, journeyman MiBe
D:15 exclusion: obsidian statue
Orc:1 3 runed translucent doors, Ribbiut's ghost, journeyman GrFi


Innate Abilities, Weirdness & Mutations

Your life essence is reduced to manifest your ancestor. (-10% HP)
A powerful demonic guardian rushes to your aid.
Your demonic aura often causes spilled blood to erupt in flames.
You are partially covered in razor-sharp scales. (AC +1, Slay +1)
You have a sharp stinger which inflicts weakening toxins.


Message History

You tail-slap the broodmother!
The broodmother is moderately wounded.
The culicivora bites you but does no damage.
The broodmother completely misses you. You block the wolf spider's attack. x2
You impale the broodmother!!
The broodmother is moderately wounded.
You block the culicivora's attack. The wolf spider closely misses you.
The wolf spider barely misses you.
The jumping spider leaps!
The broodmother bites you but does no damage.
The culicivora closely misses you. The wolf spider barely misses you.
The wolf spider bites you!
You hit the broodmother but do no damage.
The broodmother looks as sick as possible!
The broodmother is moderately wounded.
The broodmother closely misses you.
The culicivora bites you but does no damage.
The wolf spider hits you! The wolf spider barely misses you.
The broodmother bites you but does no damage.
You puncture the broodmother!
You tail-slap the broodmother, but do no damage.
The broodmother is heavily wounded.
The culicivora barely misses you.
The wolf spider hits you but does no damage.
The wolf spider barely misses you. The culicivora barely misses you.
You block the wolf spider's attack. The wolf spider completely misses you.
The broodmother barely misses you.
You puncture the broodmother!
The broodmother looks as sick as possible!
You tail-slap the broodmother.
The broodmother is heavily wounded.
The culicivora misses you. The wolf spider hits you!!
* * * LOW HITPOINT WARNING * * *
You block the wolf spider's attack. The broodmother bites you!!
* * * LOW HITPOINT WARNING * * *
A demonic guardian appears!
You hear a chilling moan.
You barely miss the broodmother.
The broodmother is heavily wounded.
The wolf spider hits you!
You die...

.^...#.....#......
##...###.#........
#....#.#.####.....
...##...^.......###
^....#....##..s....
....##.....#.....
........^.2...#
.##....##☼☼#..^..
......#s@°# #..s
.......#ss## .#
......##.y. .
#...#. ..#.# ..^
#.. .. ### #.. ..
...


You could see a broodmother (berserk, extremely poisoned, weak), a wolf spider
(berserk), a moth of wrath, a culicivora (berserk, ally target), a jumping
spider (summoned) and a friendly lorocyproca (summoned, invisible).

Vanquished Creatures
  Donald (Orc:2)
  2 ghost moths (Spider:1)
  2 broodmothers (Spider:1)
  Nessos (D:14)
  A fire dragon (D:14)
  Fannar (D:10)
  3 ogre magi (Orc:2)
  6 hydras
  An ice dragon (D:15)
  4 centaur warriors
  2 catoblepae (Lair:5)
  Erica (D:11)
  A radroach (Spider:1)
  4 boulder beetles
  14 two-headed ogres
  2 tengu warriors
  A death knight (D:14)
  12 death yaks
  5 pharaoh ants (Spider:1)
  A skeletal warrior (D:15)
  4 orb spiders
  4 orc knights
  A steelbarb worm (Spider:1)
  A deep elf zephyrmancer (D:15)
  A deep elf pyromancer (D:15)
  9 wolf spiders
  An orc sorcerer (Orc:2)
  7 manticores
  12 ugly things
  3 cyclopes
  2 elephants (Lair:4)
  A black mamba (shapeshifter) (D:14)
  2 black mambas
  3 demonic crawlers (Spider:1)
  A torpor snail (Spider:1)
  12 cane toads
  An unseen horror (D:10)
  A rime drake (Lair:5)
  A kobold demonologist (D:9)
  An efreet (D:14)
  8 komodo dragons
  2 yaktaurs
  5 trolls
  4 polar bears
  2 meliai (shapeshifter)
  4 tarantellas (Spider:1)
  5 meliai
  2 raiju (shapeshifter) (D:15)
  6 dream sheep
  10 blink frogs
  11 jumping spiders
  Sigmund (D:4)
  7 slime creatures
  2 vampires
  53 yaks
  6 culicivoras (Spider:1)
  3 wyverns
  A wraith (D:11)
  2 basilisks
  20 redbacks
  5 vampire mosquitoes (D:13)
  4 wargs
  2 acid dragons
  10 water moccasins
  4 ice beasts
  A meliai simulacrum (D:14)
  17 orc warriors
  7 centaurs
  22 ogres
  4 boggarts (D:14)
  3 phantoms
  2 kobold brigands (D:9)
  10 bullfrogs
  2 gnoll sergeants
  2 scorpions
  8 wights
  9 killer bees
  A howler monkey (D:9)
  A hound (D:4)
  12 orc priests
  3 jellies
  2 gnoll boudas (D:9)
  Jessica (D:3)
  3 iguanas
  19 orc wizards
  9 hell rats
  10 gnolls
  6 adders
  A shadow imp (D:7)
  2 white imps (D:6)
  A dart slug (D:3)
  71 orcs
  8 bats
  8 endoplasms
  3 giant cockroaches
  9 goblins
  4 hobgoblins
  2 quokkas (D:5)
  5 ball pythons
  7 frilled lizards
  17 kobolds
  2 rats
606 creatures vanquished.

Vanquished Creatures (collateral kills)
  A fire giant (D:15)
  An orc warlord (Orc:1)
  A broodmother (Spider:1)
  Snorg (D:14)
  An entropy weaver (Spider:1)
  2 hydras
  A jorogumo (Spider:1)
  3 catoblepae
  An ogre mage (Orc:2)
  A centaur warrior (D:14)
  3 two-headed ogres
  2 boulder beetles (D:12)
  A tengu warrior (D:15)
  11 death yaks
  Urug (Lair:3)
  2 pharaoh ants (Spider:1)
  A sun moth (Spider:1)
  3 orb spiders
  An orc knight (Orc:2)
  4 ugly things (D:14)
  A deep elf pyromancer (D:13)
  3 cyclopes
  An orc sorcerer (Orc:1)
  4 slime creatures
  2 black mambas
  2 torpor snails
  4 cane toads
  A demonic crawler (Spider:1)
  A yaktaur (D:15)
  4 komodo dragons
  3 trolls
  A meliai (Lair:2)
  3 blink frogs
  12 dream sheep
  4 tarantellas
  4 culicivoras
  6 jumping spiders
  A vampire (D:12)
  A water elemental (D:12)
  2 wyverns
  23 yaks
  2 basilisks
  8 vampire mosquitoes (D:13)
  8 redbacks (Spider:1)
  2 wargs
  3 water moccasins
  8 orc warriors
  A black bear (Lair:3)
  2 ogres (Orc:2)
  2 centaurs
  A kobold brigand (D:9)
  2 bullfrogs
  A gnoll sergeant (D:9)
  2 killer bees
  4 orc priests
  7 orc wizards
  2 gnolls (Orc:2)
  A dart slug (D:2)
  19 orcs
  A kobold (D:9)
  A frilled lizard (D:1)
202 creatures vanquished.

Vanquished Creatures (others)
  24 battlemagi
  4 ancestors (D:9)
  An orc wizard (D:10)
  An orc (D:10)
  23 fungi
  75 plants
128 creatures vanquished.

Grand Total: 936 creatures vanquished

Notes
Turn   | Place    | Note
-------+----------+-------------------------------------------
     0 | D:1      | porpoise the Demonspawn Gladiator began the quest for the
                  | Orb.
     0 | D:1      | Reached XP level 1. HP: 16/16 MP: 1/1
   279 | D:1      | Gained mutation: A weak demonic guardian rushes to your
                  | aid. [demonic ancestry]
   279 | D:1      | Reached XP level 2. HP: 22/22 MP: 2/2
   572 | D:2      | Reached XP level 3. HP: 28/28 MP: 3/3
   717 | D:2      | Gained mutation: You have a small tail. [demonic ancestry]
   717 | D:2      | Reached XP level 4. HP: 14/34 MP: 4/4
  1361 | D:3      | Found a faded altar of an unknown god.
  1567 | D:3      | Found Dut Zun's Weapon Boutique.
  1732 | D:3      | Noticed Jessica
  1737 | D:3      | Killed Jessica
  1806 | D:3      | Gained mutation: You have a tail ending in a sharp stinger.
                  | [demonic ancestry]
  1806 | D:3      | Reached XP level 5. HP: 41/41 MP: 5/5
  2287 | D:4      | Found Roinkiso's Armour Shoppe.
  2296 | D:4      | Found Zusmoaro's Antique Armour Shoppe.
  2374 | D:4      | Found Ibbui's General Store.
  2384 | D:4      | Bought a +0 cloak of poison resistance for 102 gold pieces
  2419 | D:4      | Found a snail-covered altar of Cheibriados.
  2425 | D:4      | Found Bahus's Antique Weapon Emporium.
  2523 | D:4      | Noticed Sigmund
  2548 | D:4      | Killed Sigmund
  2549 | D:4      | Reached skill level 5 in Polearms
  2549 | D:4      | Gained mutation: Your demonic aura sometimes causes spilled
                  | blood to erupt in flames. [demonic ancestry]
  2549 | D:4      | Reached XP level 6. HP: 27/48 MP: 3/6
  3086 | D:4      | Found Syjuadiwn's Jewellery Boutique.
  3127 | D:5      | Entered Level 5 of the Dungeon
  3434 | D:5      | Found the +7 staff of the Meek {protect, meekguard}
  3562 | D:5      | Reached skill level 1 in Staves
  3562 | D:5      | Reached XP level 7. HP: 55/55 MP: 7/7
  3592 | D:5      | Reached skill level 5 in Fighting
  4128 | D:6      | Gained mutation: A demonic guardian rushes to your aid.
                  | [demonic ancestry]
  4128 | D:6      | Reached XP level 8. HP: 55/64 MP: 8/8
  4751 | D:6      | Reached skill level 1 in Armour
  5047 | D:6      | Upgraded the game from 0.30-a0-748-ge6a52f7cba to
                  | 0.30-a0-757-ga6a79fd877
  5330 | D:7      | Noticed a two-headed ogre
  5343 | D:7      | Killed a two-headed ogre
  5344 | D:7      | Gained mutation: You have a sharp stinger which inflicts
                  | weakening toxins. [demonic ancestry]
  5344 | D:7      | Reached XP level 9. HP: 23/72 MP: 3/9
  5559 | D:7      | Found Jeorown's General Store.
  5883 | D:7      | Found a staircase to the Ecumenical Temple.
  5892 | Temple   | Entered the Ecumenical Temple
  5936 | Temple   | Became a worshipper of Hepliaklqana the Forgotten
  6319 | D:7      | Reached skill level 5 in Dodging
  6321 | D:7      | Reached skill level 1 in Invocations
  6400 | D:8      | Found a staircase to the Lair.
  6418 | D:8      | Reached skill level 2 in Invocations
  6423 | D:8      | Reached XP level 10. HP: 60/79 MP: 7/11
  6719 | D:8      | Found an ornate altar of the Wu Jian Council.
  6719 | D:8      | Found a blossoming altar of Fedhas.
  7261 | D:9      | Reached skill level 3 in Invocations
  7306 | D:9      | Reached skill level 5 in Armour
  7306 | D:9      | Reached skill level 4 in Invocations
  7396 | D:9      | Reached * piety under Hepliaklqana
  7402 | D:9      | Found a large runed translucent door.
  7404 | D:9      | Found a large runed translucent door.
  7406 | D:9      | Noticed porpoise's ghost (journeyman HOMo)
  7589 | D:9      | Reached skill level 1 in Evocations
  7659 | D:9      | Found Ukholac's Magic Scroll Shoppe.
  7827 | D:9      | Found a staircase to the Orcish Mines.
  7852 | D:9      | Reached skill level 10 in Polearms
  7871 | D:9      | Reached skill level 5 in Invocations
  8413 | D:9      | Noticed a smoke demon
  8437 | D:9      | Noticed a two-headed ogre
  8437 | D:9      | Noticed a two-headed ogre
  8446 | D:9      | Reached skill level 6 in Invocations
  8802 | D:9      | Killed a two-headed ogre
  8803 | D:9      | Reached XP level 11. HP: 61/75 MP: 12/15
  9228 | D:9      | Killed a two-headed ogre
  9354 | D:10     | Entered Level 10 of the Dungeon
  9359 | D:10     | Noticed Fannar
  9398 | D:10     | Killed Fannar
  9399 | D:10     | Reached skill level 7 in Invocations
  9818 | D:10     | Noticed a two-headed ogre
  9826 | D:10     | Killed a two-headed ogre
  9995 | D:10     | Reached skill level 5 in Evocations
 10290 | D:10     | Reached ** piety under Hepliaklqana
 10291 | D:10     | Remembered your ancestor Nikki as a battlemage
 10860 | D:10     | Identified a scroll of acquirement
 10861 | D:10     | Acquired the +1 hat of Gallantry {rElec rN+ MP+9}
 11212 | Lair:1   | Entered Level 1 of the Lair of Beasts
 11260 | Lair:1   | Reached skill level 1 in Shields
 11282 | Lair:1   | Acquired the +1 pair of gloves of Amorality {rPois}
 11684 | Lair:1   | Reached XP level 12. HP: 79/84 MP: 17/17
 12222 | Lair:1   | Noticed a catoblepas
 12234 | Lair:1   | Killed a catoblepas
 12984 | Lair:2   | Reached *** piety under Hepliaklqana
 13038 | Lair:2   | Found a staircase to the Shoals.
 13044 | Lair:2   | Noticed a catoblepas
 13055 | Lair:2   | Killed a catoblepas
 13150 | Lair:2   | Noticed an eight-headed hydra
 13161 | Lair:2   | Killed an eight-headed hydra
 13166 | Lair:2   | Reached skill level 5 in Shields
 13585 | Lair:2   | Found a hole to the Spider Nest.
 13727 | Lair:3   | Noticed a death yak
 13731 | Lair:3   | Noticed a six-headed hydra
 13751 | Lair:3   | Killed a death yak
 13758 | Lair:3   | Killed a six-headed hydra
 13759 | Lair:3   | Reached skill level 10 in Fighting
 13944 | Lair:3   | Noticed a death yak
 13945 | Lair:3   | Noticed a death yak
 13950 | Lair:3   | Noticed a death yak
 13952 | Lair:3   | Killed a death yak
 13959 | Lair:3   | Killed a death yak
 13961 | Lair:3   | Killed a death yak
 14167 | Lair:3   | Reached XP level 13. HP: 93/93 MP: 18/18
 14650 | Lair:3   | Reached **** piety under Hepliaklqana
 14883 | Lair:3   | Noticed Urug
 14890 | Lair:3   | Killed Urug
 15181 | D:4      | Bought the ring of Jisur {Will+ EV+5 Str+3} for 603 gold
                  | pieces
 15949 | Lair:4   | Reached skill level 8 in Invocations
 16239 | Lair:4   | Reached skill level 9 in Invocations
 16366 | Lair:4   | Found a staircase to the Slime Pits.
 16366 | Lair:4   | Found a viscous altar of Jiyva.
 17323 | D:11     | Reached skill level 10 in Invocations
 17488 | D:11     | Noticed Erica
 17498 | D:11     | Killed Erica
 17865 | D:12     | Reached ***** piety under Hepliaklqana
 17872 | D:12     | Gained mutation: A powerful demonic guardian rushes to your
                  | aid. [demonic ancestry]
 17872 | D:12     | Reached XP level 14. HP: 103/103 MP: 21/21
 18168 | D:12     | Reached skill level 11 in Invocations
 18324 | D:12     | Found a shimmering altar of Xom.
 18325 | D:12     | Found a shimmering altar of Xom.
 18326 | D:12     | Found a shimmering altar of Xom.
 18326 | D:12     | Found a shimmering altar of Xom.
 18326 | D:12     | Found a shimmering altar of Xom.
 18326 | D:12     | Found a shimmering altar of Xom.
 19140 | D:13     | Found a runed translucent gate.
 19140 | D:13     | Found a runed translucent gate.
 19140 | D:13     | Found a runed translucent gate.
 19243 | D:13     | Noticed Gint's ghost (journeyman HOFi)
 19343 | D:14     | Reached skill level 12 in Invocations
 19383 | D:14     | Noticed Snorg
 19390 | D:14     | Killed Snorg
 19494 | D:14     | Noticed patfeehan111222's ghost (journeyman MiBe)
 19498 | D:14     | Found a runed translucent door.
 19604 | D:14     | Identified the +0 robe "Imuocveo" {MP+9}
 19650 | D:14     | Noticed Nessos
 19659 | D:14     | Killed Nessos
 20105 | D:14     | Identified the +0 scale mail of Bitterness {Str+7 Int-5}
 20956 | D:14     | HP: 2/103 [meliai/divine providence[a boggart] (6)]
 21503 | D:14     | Found a gate to the Vaults.
 21623 | D:15     | Entered Level 15 of the Dungeon
 21829 | D:15     | Found a staircase to the Depths.
 21844 | D:15     | Noticed a fire giant
 21855 | D:15     | Killed a fire giant
 21856 | D:15     | Gained mutation: Your demonic aura often causes spilled
                  | blood to erupt in flames. [demonic ancestry]
 21856 | D:15     | Reached XP level 15. HP: 76/108 MP: 23/24
 22084 | D:15     | Acquired 843 gold pieces
 23062 | Orc:1    | Entered Level 1 of the Orcish Mines
 23202 | Orc:1    | Found a runed translucent gate.
 23202 | Orc:1    | Found a runed translucent gate.
 23203 | Orc:1    | Found a runed translucent gate.
 23209 | Orc:1    | Noticed Ribbiut's ghost (journeyman GrFi)
 23260 | Orc:1    | Reached skill level 13 in Invocations
 23670 | Orc:2    | Entered Level 2 of the Orcish Mines
 23700 | Orc:2    | Found Mimoex's Distillery.
 23908 | Orc:2    | Found a staircase to the Elven Halls.
 23916 | Orc:2    | Noticed Donald
 23925 | Orc:2    | Killed Donald
 23984 | Orc:2    | Found Mepeit's Distillery.
 23985 | Orc:2    | Found Putigg's General Store.
 23985 | Orc:2    | Found Faott's General Store.
 23985 | Orc:2    | Found Pauh's Armour Emporium.
 23990 | Orc:2    | Reached skill level 1 in Stealth
 24005 | Orc:2    | Reached skill level 5 in Throwing
 24011 | Orc:2    | Reached skill level 14 in Invocations
 24662 | D:9      | Bought a scroll of fear for 48 gold pieces
 24662 | D:9      | Bought a scroll of enchant weapon for 90 gold pieces
 24729 | D:7      | Bought a scroll of fear for 56 gold pieces
 24729 | D:7      | Bought a potion of lignification for 42 gold pieces
 24866 | Orc:2    | Bought a potion of resistance for 110 gold pieces
 24866 | Orc:2    | Bought a potion of heal wounds for 55 gold pieces
 24909 | Orc:2    | Bought a potion of heal wounds for 65 gold pieces
 24909 | Orc:2    | Bought 2 potions of haste for 260 gold pieces
 24951 | Orc:2    | Bought 2 potions of cancellation for 240 gold pieces
 24952 | Orc:2    | Bought a potion of resistance for 140 gold pieces
 24952 | Orc:2    | Bought a potion of mutation for 112 gold pieces
 25184 | Lair:5   | Entered Level 5 of the Lair of Beasts
 25493 | Lair:5   | Reached skill level 5 in Stealth
 25807 | Lair:5   | Gained mutation: You are partially covered in razor-sharp
                  | scales. (AC +1, Slay +1) [demonic ancestry]
 25807 | Lair:5   | Reached XP level 16. HP: 94/116 MP: 26/26
 26160 | Lair:5   | Found an ancient bone altar of Kikubaaqudgha.
 26993 | Lair:1   | Upgraded the game from 0.30-a0-757-ga6a79fd877 to
                  | 0.30-a0-760-g5a9884bb7c
 27054 | Spider:1 | Entered Level 1 of the Spider Nest
 28466 | Spider:1 | Found the +12 glaive of Prune {freeze, Prune}
 28480 | Spider:1 | Reached skill level 15 in Invocations
 28883 | Spider:1 | Identified the +0 ring mail "Ximuh" {rC+++ Will+ Int-3
                  | SInv}
 29294 | Spider:2 | HP: 4/119 [broodmother (20)]
 29295 | Spider:2 | Mangled by a wolf spider

Illustrated notes

Levels and vault maps discovered:
D:1:      wander_arrival_desolate, layout_rooms, minmay_pentomino_v4
D:2:      layout_loops_ring, chequers_serial_rivers_micro_b
D:3:      layout_loops_ring, serial_bayou, serial_bayou_shore_b,
          serial_bayou_crossing, serial_bayou_pond_c, serial_bayou_pond_a,
          serial_bayou_lagoon_a, serial_bayou_lagoon_b,
          ebering_ecumenical_altar_abandoned, serial_shops,
          nicolae_shop_bloodbath_and_beyond, serial_park_tiny_1,
          kennysheep_generic_room_13, uniq_jessica
D:4:      layout_loops_corners, mainiacjoe_overflow_paths, serial_shops, shop,
          nicolae_shop_stone, shop_statue, nicolae_shop_statue_plus,
          nicolae_lakefront_shop, minmay_misc_feat_room,
          ebering_dispersal_statue_hall, minivault_25, uniq_sigmund
D:5:      layout_rooms, minivault_19
D:6:      layout_basic, hex_intersection
D:7:      layout_cave_pods, minmay_temple_entry_statues_pillars, serial_shops,
          nicolae_shop_temple_entry_statues_fountains
D:8:      layout_cave_pools, nicolae_overflow_two_pavilions, lair_entry_dummy,
          serial_column_ruins, column_ruins_pillar_2, column_ruins_pillar_6,
          column_ruins_pillar_3, column_ruins_pillar_4, column_ruins_pillar_9,
          column_ruins_pillar_2, column_ruins_pillar_2, column_ruins_pillar_4,
          column_ruins_pillar_1, column_ruins_pillar_2, column_ruins_pillar_10,
          column_ruins_pillar_3, column_ruins_pillar_6
D:9:      layout_layer_cave, hiddenorc2_lemuel, serial_shops, shop,
          ebering_ghost_disaster_area, kennysheep_kite_vault
D:10:     layout_loops_ring, uniq_fannar
D:11:     layout_roguey, uniq_erica
D:12:     layout_basic, drop_trap, st_stairs_13, minivault_4, xom_shifter_show
D:13:     layout_rooms, gammafunk_ghost_icy
D:14:     minmay_the_grid_octo_triangle [minmay_the_grid_octo_empty,
          minmay_the_grid_octo_prize_star, minmay_the_grid_octo_checkered],
          layout_basic, chequers_mini_garden, hellmonk_ghost_happy_afterlife,
          elyvilon_altar_3, uniq_nessos, uniq_snorg
D:15:     grunt_enter_depths_giant_problem, layout_cross,
          roderic_lattice_octagonal_star, minivault_16, minmay_pinched_square
Temple:   hellmonk_temple_of_storms
Lair:1:   layout_cave_pods, grunt_megastairs_2
Lair:2:   layout_chaotic_city, elwin_shoals_entry_rocks,
          hellmonk_spider_entry_not_the_bees
Lair:3:   layout_gridlike, gauntlet_entry_generic, minmay_shattered_shrine,
          uniq_urug
Lair:4:   nzn_winding_woodlands_cross [nzn_winding_woodlands_5x15_sawtooth,
          nzn_winding_woodlands_5x15_longhouse,
          nzn_winding_woodlands_5x15_sidewinder,
          nzn_winding_woodlands_5x15_pool, nzn_winding_woodlands_15x15_killbox],
          layout_misc_corridors, minmay_slime_entry_pillars
Lair:5:   evilmike_catoblepas_cave, layout_gridlike, basic_altar, st_stairs_11,
          serial_bayou_pond_d
Spider:1: nicolae_spider_broodchamber, nicolae_spider_nook,
          hangedman_spider_tarantella_strand
Spider:2: layout_spider_delve, nicolae_spider_cling_halls, uniq_frances
Orc:1:    layout_caves, gammafunk_ghost_necromancy, basic_altar
Orc:2:    st_orc_ogre_mass, layout_diamond_mine, serial_shops,
          nicolae_shop_statue_plus, uniq_donald

Skill      XL: |  1  2  3  4  5  6  7  8  9 10 11 12 13 14 15 16 |
---------------+-------------------------------------------------+-----
Polearms       | 3 4 5 6 7 9 10 12 13 | 13.6
Fighting       | 3 4 6 7 8 10 12 14 | 14.0
Staves         | 1 3 4 |  4.5
Armour         | 2 4 5 7 9 |  9.0
Dodging        | 4 5 6 7 9 |  9.0
Invocations    | 2 6 7 10 12 14 15 | 15.2
Evocations     | 3 5 6 7 |  7.0
Shields        | 2 5 8 9 |  9.0
Throwing       | 2 6 |  6.0
Stealth        | 5 8 |  8.8

Action                     |  1- 3 |  4- 6 |  7- 9 | 10-12 | 13-15 | 16-18 || total
---------------------------+-------+-------+-------+-------+-------+-------++-------
  Melee: Trident           |    69 |   144 |       |       |       |       ||   213
         Tailslap          |       |     9 |    26 |    78 |   162 |    59 ||   334
         Punch             |       |     1 |       |       |       |       ||     1
         Quarterstaff      |       |    12 |   168 |   463 |    28 |       ||   671
         Unarmed           |       |       |       |     2 |       |       ||     2
         Demon trident     |       |       |       |       |   893 |   321 ||  1214
   Fire: Sling             |       |    17 |    41 |   102 |    59 |       ||   219
  Throw: Dart              |       |       |     9 |     1 |       |       ||    10
         Boomerang         |       |       |       |       |     7 |    30 ||    37
 Invoke: Recall Ancestor   |       |       |       |     3 |     1 |     1 ||     5
         Ancestor Identity |       |       |       |     1 |       |       ||     1
         Ancestor Life: Ba |       |       |       |     1 |       |       ||     1
         Idealise          |       |       |       |       |     3 |     1 ||     4
         Transference      |       |       |       |       |     1 |       ||     1
  Evoke: Wand              |       |       |       |       |     7 |       ||     7
         Lightning rod     |       |       |       |       |     6 |     1 ||     7
         Tin of tremorston |       |       |       |       |       |     2 ||     2
    Use: Scroll            |       |     7 |     6 |    17 |    15 |     3 ||    48
         Potion            |       |     1 |       |       |     6 |     1 ||     8
   Stab: Sleeping          |     2 |     2 |       |       |       |     2 ||     6
         Distracted        |     1 |       |       |     1 |    10 |     5 ||    17
         Invisible         |       |       |     1 |       |       |       ||     1
 Armour: Steam dragon scal |    25 |    46 |     4 |       |       |       ||    75
         Ring mail         |       |       |    78 |   257 |    14 |       ||   349
         Scale mail        |       |       |       |       |   101 |       ||   101
         Fire dragon scale |       |       |       |       |    90 |   124 ||   214
  Dodge: Dodged            |    45 |    65 |    82 |   277 |   390 |   162 ||  1021
  Block: Buckler           |       |       |       |       |   132 |    75 ||   207

Table legend: (Time is in decaauts)
 A = Elapsed time spent in this place.
 B = Non-inter-level travel time spent in this place.
 C = Inter-level travel time spent in this place.
 D = Time resting spent in this place.
 E = Time spent auto-exploring this place.
 F = Levels seen in this place.
 G = Mean time per level.
                   A        B        C        D        E       F      G
               +--------+--------+--------+--------+--------+-----+--------+
         Total |  28960 |  26463 |   2497 |   7771 |  13206 |  25 | 1158.4 |
       Dungeon |  17300 |  15919 |   1381 |   4515 |   8352 |  15 | 1153.3 |
        Temple |     59 |     44 |     15 |      0 |     18 |   1 |   59.0 |
          Lair |   7916 |   7202 |    714 |   2151 |   3406 |   5 | 1583.2 |
   Spider Nest |   2023 |   1945 |     78 |    788 |    677 |   2 | 1011.5 |
  Orcish Mines |   1660 |   1352 |    308 |    317 |    752 |   2 |  830.0 |
               +--------+--------+--------+--------+--------+-----+--------+

Top non-repeatable levels by time:
     D:9: 2755 daAuts
  Lair:1: 1944 daAuts
  Lair:3: 1867 daAuts
Spider:1: 1860 daAuts
    D:10: 1795 daAuts
  Lair:5: 1673 daAuts
    D:14: 1563 daAuts
     D:7: 1453 daAuts
  Lair:2: 1327 daAuts
    D:15: 1301 daAuts
  Lair:4: 1104 daAuts
     D:4: 1091 daAuts
     D:6: 1070 daAuts
    D:13: 973 daAuts
   Orc:2: 969 daAuts
